 Dungeon Crawl Stone Soup version 0.31-a0-920-g28cbb04a8c (webtiles) character file.

Game seed: 12391593074055451661

765 Azuregosa the Covert (level 7, -5/46 HPs)
             Began as an Octopode Delver on Oct 17, 2023.
             Was an Initiate of Gozag.
             Slain by a steam dragon (6 damage)
             ... on level 5 of the Dungeon.
             The game lasted 00:14:15 (3946 turns).

Azuregosa the Covert (Octopode Delver)              Turns: 3946, Time: 00:14:16

Health: -5/46      AC:  5    Str: 11    XL:     7   Next: 81%
Magic:  14/14      EV: 13    Int: 12    God:    Gozag
Gold:   337        SH:  0    Dex: 16    Spells: 12/15 levels left

rFire   . . .        w - +3 quarterstaff (chaos)
rCold   . . .        (shield currently unavailable)
rNeg    . . .        (helmet restricted)
rPois   .            (no amulet)
rElec   .            g - +4 ring of protection
rCorr   .            (no ring)
SInv    .            (no ring)
Will    .....        (no ring)
Stlth   +++++        (no ring)
HPRegen 0.27/turn    (no ring)
MPRegen 0.14/turn    (no ring)
                     (no ring)

%: no passive effects
@: no status effects
A: almost no armour, amphibious, 8 rings, camouflage 1, gelatinous body 1,
(nimble swimmer 1), tentacles
a: Renounce Religion, Potion Petition, Call Merchant, Bribe Branch


You were on level 5 of the Dungeon.
You worshipped Gozag.
Gozag was aware of your devotion.
You visited 1 branch of the dungeon, and saw 6 of its levels.

You collected 460 gold pieces.
You paid 123 gold pieces to Gozag.

Inventory:

Hand Weapons
 a - a +0 hand axe
 h - a +0 hand axe of freezing
 w - a +3 quarterstaff of chaos (weapon)
Jewellery
 g - a +4 ring of protection (left tentacle)
Wands
 f - a wand of digging (2)
Scrolls
 b - 2 scrolls of fog
 c - a scroll of revelation
 d - 2 scrolls of fear
 j - a scroll of vulnerability
 k - 5 scrolls of teleportation {unknown}
 l - 2 scrolls of amnesia {unknown}
 o - 3 scrolls of enchant armour
 v - a scroll of poison
Potions
 e - 2 potions of haste
 m - 2 potions of curing {unknown}
 n - a potion of mutation {unknown}
 p - a potion of brilliance {unknown}
 q - 2 potions of enlightenment {unknown}
 r - a potion of berserk rage {unknown}
 t - a potion of experience {unknown}
 u - 2 potions of magic {unknown}


   Skills:
 - Level 3.0 Fighting
 - Level 2.0 Axes
 - Level 2.0 Dodging
 - Level 8.3 Stealth
 + Level 4.7 Spellcasting
 + Level 5.2 Earth Magic


You had 12 spell levels left.
You knew the following spells:

 Your Spells              Type           Power      Damage    Failure   Level
a - Sandblast             Erth           30%        2d9       2%          1
b - Passwall              Tmut/Erth      7%         N/A       11%         2

Your spell library contained the following spells:

 Spells                   Type           Power      Damage    Failure   Level
 Stone Arrow              Conj/Erth      18%        3d8       22%         3
 Brom's Barrelling Bould  Conj/Erth      9%         2d3       56%         4
 Lee's Rapid Deconstruct  Erth           7%         3d7*      56%         5
 Summon Lightning Spire   Summ/Air       2%         N/A       90%         4
 Animate Armour           Summ/Erth      Unusable   N/A       N/A         4

Dungeon Overview and Level Annotations

Branches:
Dungeon (6/15)
 Temple: D:4-7

Altars:
Gozag
Okawaru
Yredelemnul


Innate Abilities, Weirdness & Mutations

You cannot wear most types of armour.
You are amphibious.
You can wear up to eight rings at the same time.
Your skin changes colour to match your surroundings (Stealth+).
Your rubbery body absorbs attacks. (AC +1, EV +1)
((You are camouflaged when in or above water. (Stealth+)))
You have tentacles for arms and can constrict up to eight enemies at once.


Message History

You are engulfed in a cloud of scalding steam.
The steam dragon bites you! The steam dragon barely misses you.
You closely miss the steam dragon.
You tentacle-slap the steam dragon, but do no damage.
The steam dragon is lightly wounded.
The steam dragon closely misses you. The steam dragon claws you.
The steam dragon breathes steam at you. The ball of steam hits you!
You closely miss the steam dragon.
You squeeze the steam dragon, but do no damage.
The steam dragon is lightly wounded.
You are engulfed in a cloud of scalding steam.
The steam dragon bites you!
* * * LOW HITPOINT WARNING * * *
The steam dragon claws you.
* * * LOW HITPOINT WARNING * * *
You hit the steam dragon. You squeeze the steam dragon.
The steam dragon is heavily wounded.
The steam dragon misses you. The steam dragon closely misses you.
You sock the steam dragon!
The steam dragon resists with some effort.
The steam dragon is severely wounded.
The steam dragon barely misses you.
The steam dragon claws you but does no damage.
You hit the steam dragon. You burn the steam dragon.
Your squeeze misses the steam dragon.
The steam dragon is severely wounded.
The steam dragon misses you. The steam dragon claws you.
* * * LOW HITPOINT WARNING * * *
The steam dragon barely misses you. The steam dragon closely misses you.
You hit the steam dragon.
The steam dragon is almost dead.
The steam dragon bites you!
* * * LOW HITPOINT WARNING * * *
The steam dragon barely misses you.
You hit the steam dragon.
The steam dragon is almost dead.
The steam dragon bites you.
You die...
Your body crumbles into a pile of gold.

### .># #.. .. ##.# #D.# ##@#
##..# ############..###.#
#.................#
#......#####.################
#......'....................#
#......##...###############.#
#......##...# #.# #
#.........#(# #.#


You could see a steam dragon.

Vanquished Creatures
  Sigmund (D:4)
  Eustachio (D:5)
  The ghost of Error4North the Ruffian, an amateur DrSh (D:3)
  Crazy Yiuf (D:4)
  3 orc priests (D:4)
  Jessica (D:3)
  2 orc wizards (D:4)
  Natasha (thrice) (D:3)
  2 adders
  An ufetubus (D:3)
  4 worms
  A dart slug (D:3)
  10 orcs
  7 ball pythons
  2 bats
  An endoplasm (D:1)
  2 giant cockroaches
  2 hobgoblins
  6 jackals
  3 quokkas
  3 frilled lizards
  9 goblins
  9 kobolds
  5 rats
80 creatures vanquished.

Notes
Turn   | Place    | Note
-------+----------+-------------------------------------------
     0 | D:5      | Azuregosa the Octopode Delver began the quest for the Orb.
     0 | D:5      | Reached XP level 1. HP: 16/16 MP: 1/1
     1 | D:6      | Noticed a sleepcap
   111 | D:5      | Reached skill level 7 in Stealth
   111 | D:5      | Reached XP level 2. HP: 21/21 MP: 2/2
   151 | D:4      | Reached skill level 8 in Stealth
   151 | D:4      | Reached XP level 3. HP: 13/26 MP: 3/3
   250 | D:4      | Learned a level 1 spell: Sandblast
   388 | D:3      | Noticed Natasha
   394 | D:3      | Killed Natasha
   395 | D:3      | Reached skill level 1 in Earth Magic
   395 | D:3      | Reached XP level 4. HP: 31/31 MP: 3/5
   443 | D:3      | Reached skill level 1 in Spellcasting
   469 | D:3      | Noticed Jessica
   472 | D:3      | Killed Jessica
   474 | D:3      | Noticed Natasha
   480 | D:3      | Killed Natasha
   481 | D:3      | Reached XP level 5. HP: 34/36 MP: 5/7
   543 | D:1      | Learned a level 2 spell: Passwall
   787 | D:1      | Found a faded altar of an unknown god.
  1856 | D:3      | Noticed Natasha
  1864 | D:3      | Killed Natasha
  1949 | D:3      | Found a runed translucent gate.
  1951 | D:3      | Found a runed translucent gate.
  1951 | D:3      | Found an opulent altar of Gozag.
  1953 | D:3      | Found a runed translucent gate.
  1954 | D:3      | Noticed Error4North's ghost (amateur DrSh)
  1982 | D:3      | Killed Error4North's ghost
  1983 | D:3      | Reached XP level 6. HP: 7/42 MP: 8/10
  2008 | D:3      | Became a worshipper of Gozag Ym Sagoz the Greedy
  2967 | D:4      | Found an iron altar of Okawaru.
  3008 | D:4      | Found a runed translucent door.
  3009 | D:4      | Noticed Crazy Yiuf
  3021 | D:4      | Killed Crazy Yiuf
  3022 | D:4      | Reached XP level 7. HP: 25/46 MP: 10/12
  3319 | D:4      | Noticed Sigmund
  3328 | D:4      | Killed Sigmund
  3730 | D:5      | Noticed Eustachio
  3738 | D:5      | Killed Eustachio
  3739 | D:5      | Reached skill level 5 in Earth Magic
  3739 | D:5      | HP: 1/46 [ogre/+0 giant club (18)]
  3759 | D:5      | Found a basalt altar of Yredelemnul.
  3934 | D:5      | Noticed a steam dragon
  3945 | D:5      | HP: 1/46 [steam dragon (9)]
  3946 | D:5      | Slain by a steam dragon

Illustrated notes

Levels and vault maps discovered:
D:1:      elethiomel_arrival_maze, layout_rooms, basic_ecumenical_altar
D:2:      layout_loops_ring, minmay_tromino_i4
D:3:      layout_loops_ring, ebering_ghost_gozag, uniq_natasha, uniq_jessica
D:4:      layout_loops_ring, amcnicky_altar_gilded, uniq_sigmund,
          uniq_crazy_yiuf_cottage
D:5:      layout_basic, kennysheep_mini, mainiacjoe_overflow_24_doors,
          grunt_dithmenos_smoke, uniq_eustachio, uniq_duvessa
D:6:      layout_rooms, mainiacjoe_overflow_tiny_flanked,
          minmay_temple_entry_statues_fountains, portal_sewer_entry_a,
          serial_shops, shop

Skill      XL: |  1  2  3  4  5  6  7 |
---------------+----------------------+-----
Stealth        | 7 8 |  8.3
Earth Magic    | 1 2 3 4 5 |  5.2
Spellcasting   | 1 3 4 |  4.7
Fighting       | |  3.0
Axes           | |  2.0
Dodging        | |  2.0

Action                     |  1- 3 |  4- 6 |  7- 9 || total
---------------------------+-------+-------+-------++-------
  Melee: Hand axe          |    21 |   149 |       ||   170
         Constrict         |     7 |    30 |     3 ||    40
         Tentacles         |     3 |    28 |     4 ||    35
         Punch             |     1 |     3 |     1 ||     5
         Quarterstaff      |       |       |    20 ||    20
   Cast: Sandblast         |     1 |       |       ||     1
         Passwall          |       |       |     1 ||     1
  Evoke: Wand              |       |       |     1 ||     1
    Use: Scroll            |       |       |     5 ||     5
   Stab: Sleeping          |     3 |    26 |     1 ||    30
 Armour: Skin              |    11 |    76 |    21 ||   108
  Dodge: Dodged            |    14 |    80 |    24 ||   118

Table legend: (Time is in decaauts)
 A = Elapsed time spent in this place.
 B = Non-inter-level travel time spent in this place.
 C = Inter-level travel time spent in this place.
 D = Time resting spent in this place.
 E = Time spent auto-exploring this place.
 F = Levels seen in this place.
 G = Mean time per level.
                   A        B        C        D        E       F      G
               +--------+--------+--------+--------+--------+-----+--------+
         Total |   3989 |   3837 |    152 |    961 |   1882 |   6 |  664.8 |
       Dungeon |   3989 |   3837 |    152 |    961 |   1882 |   6 |  664.8 |
               +--------+--------+--------+--------+--------+-----+--------+

Top non-repeatable levels by time:
     D:4: 1348 daAuts
     D:3: 1082 daAuts
     D:2: 712 daAuts
     D:1: 617 daAuts
     D:5: 226 daAuts
     D:6: 1 daAuts
